 Dungeon Crawl Stone Soup version 0.30.0-29-ga12c61a403 (webtiles) character file.

Game seed: 2087679662840966096

16 Bnni the Digger (level 2, -6/20 HPs)
             Began as a Formicid Earth Elementalist on June 5, 2023.
             Mangled by Sigmund
             ... wielding a +2 scythe of protection
              (13 damage)
             ... on level 2 of the Dungeon.
             The game lasted 00:01:45 (800 turns).

Bnni the Digger (Formicid Earth Elementalist)        Turns: 800, Time: 00:01:45

Health: -6/20      AC:  2    Str: 12    XL:     2   Next: 75%
Magic:  1/5        EV: 12    Int: 14    God:
Gold:   73         SH:  0    Dex: 14    Spells: 2/5 levels left

rFire   . . .        e - +0 dagger
rCold   . . .        (no shield)
rNeg    . . .        a - +0 robe
rPois   .            (helmet unavailable)
rElec   .            (no cloak)
rCorr   .            (no gloves)
SInv    +            (no boots)
Will    .....        (no amulet)
Stlth   ++           (no ring)
HPRegen 0.23/turn    (no ring)
MPRegen 0.09/turn

%: no passive effects
@: no status effects
A: permanent stasis, dig shafts and tunnels, antennae 3, four strong arms
a: Dig, Shaft Self


You were on level 2 of the Dungeon.
You visited 1 branch of the dungeon, and saw 2 of its levels.

You collected 73 gold pieces.

Inventory:

Hand Weapons
 e - a +0 dagger (weapon)
Armour
 a - a +0 robe (worn)
Scrolls
 c - 2 scrolls of identify {unknown}
 d - a scroll of enchant armour {unknown}
 g - a scroll of immolation {unknown}
Potions
 b - a potion of magic
 f - a potion of mutation {unknown}


   Skills:
 + Level 0.7 Fighting
 - Level 1.7 Dodging
 - Level 2.4 Stealth
 + Level 2.4 Spellcasting
 * Level 1.7 Transmutations
 * Level 4.0 Earth Magic


You had 2 spell levels left.
You knew the following spells:

 Your Spells              Type           Power      Damage    Failure   Level
a - Sandblast             Erth           26%        2d8       4%          1
b - Passwall              Tmut/Erth      7%         N/A       11%         2

Your spell library contained the following spells:

 Spells                   Type           Power      Damage    Failure   Level
 Stone Arrow              Conj/Erth      14%        3d7       30%         3
 Petrify                  Tmut/Erth      9%         N/A       56%         4


Dungeon Overview and Level Annotations

Branches:
Dungeon (2/15)

Altars:

Shops:
D:1 =

Annotations:
D:2 Sigmund


Innate Abilities, Weirdness & Mutations

You cannot be hasted, slowed, berserked, paralysed or teleported.
You can dig through walls and to a lower floor.
You have a pair of large antennae on your head. (SInv)
Your four strong arms can wield two-handed weapons with a shield.


Message History

The ball python constricts you.
Aiming: Sandblast (safe; 4% risk of failure)
Press: ? - help, Q - select action, (/) - cycle Shift-Dir - straight line, f - ball python
Aim: a ball python (constricting you, 80% to hit)
The blast of sand hits the ball python!
You kill the ball python!
Magic restored.
Found 6 stones.
You now have 63 gold pieces (gained 8).
There is a stone staircase leading down here.
Sigmund the Dreaded comes into view.
He is wielding a +2 scythe of protection.
You see here 10 gold pieces.
You now have 73 gold pieces (gained 10).
Sigmund shouts!
Aiming: Sandblast (safe; 4% risk of failure)
Press: ? - help, Q - select action, (/) - cycle Shift-Dir - straight line, f - Sigmund
Aim: Sigmund, wielding a +2 scythe of protection and wearing a +0 robe (80% to hit)
The blast of sand hits Sigmund but does no damage.
Sigmund is nearby!
Aiming: Sandblast (safe; 4% risk of failure)
Press: ? - help, Q - select action, (/) - cycle Shift-Dir - straight line, f/p - Sigmund
Aim: Sigmund, wielding a +2 scythe of protection and wearing a +0 robe (80% to hit)
The blast of sand hits Sigmund but does no damage.
Sigmund casts a spell.
Sigmund flickers and vanishes for a moment.
Aiming: Sandblast (safe; 4% risk of failure)
Press: ? - help, Q - select action, (/) - cycle Shift-Dir - straight line, f/p - Sigmund
Aim: Sigmund, wielding a +2 scythe of protection and wearing a +0 robe (slightly transparent, 80% to hit)
The blast of sand hits Sigmund.
Sigmund is lightly wounded.
Sigmund hits you from afar with a +2 scythe of protection!
Ouch! That really hurt!
Aiming: Sandblast (safe; 4% risk of failure)
Press: ? - help, Q - select action, (/) - cycle Shift-Dir - straight line, f/p - Sigmund
Aim: Sigmund, wielding a +2 scythe of protection and wearing a +0 robe (lightly wounded, slightly transparent, 80% to hit)
The blast of sand hits Sigmund but does no damage.
Sigmund is lightly wounded.
Sigmund hits you from afar with a +2 scythe of protection!
Ouch! That really hurt!
You die...

... ##.#.#..####
#.##....#.....#
#..#..........#
.####......#.....#
......#.†..##<...#
####.........####
#.#...#....#
###>..##...#
#.@......###
#....@.#(..#..#
..###########...
###.


You could see Sigmund (invisible).

Vanquished Creatures
  A dart slug (D:1)
  An endoplasm (D:1)
  4 hobgoblins (D:1)
  2 ball pythons
  A bat (D:2)
  3 kobolds (D:1)
  2 rats (D:1)
14 creatures vanquished.

Notes
Turn   | Place    | Note
-------+----------+-------------------------------------------
     0 | D:1      | Bnni the Formicid Earth Elementalist began the quest for
                  | the Orb.
     0 | D:1      | Reached XP level 1. HP: 13/13 MP: 3/3
   100 | D:1      | Found Wavoudusk's Jewellery Boutique.
   344 | D:1      | Reached XP level 2. HP: 20/20 MP: 0/5
   498 | D:1      | Reached skill level 4 in Earth Magic
   537 | D:1      | Found a faded altar of an unknown god.
   734 | D:1      | Learned a level 2 spell: Passwall
   794 | D:2      | Noticed Sigmund
   800 | D:2      | Mangled by Sigmund

Illustrated notes

Levels and vault maps discovered:
D:1:      psy_arrival_basics, layout_basic, serial_shops, shop,
          hellmonk_ecumenical_altar_prayer_group, serial_park_tiny_1
D:2:      layout_rooms, uniq_sigmund

Skill      XL: |  1  2 |
---------------+-------+-----
Earth Magic    | 4 |  4.0
Fighting       | |  0.7
Dodging        | |  1.7
Stealth        | |  2.4
Spellcasting   | |  2.4
Transmutations | |  1.7

Action                     || total
---------------------------++-------
  Melee: Dagger            ||     7
   Cast: Sandblast         ||    23
  Dodge: Dodged            ||     5
